AoeStats
← crypto_zhupel

Arabia

504543350Analyzed
2v2 RM · 26d ago on Sep 5, 2026· 63m 30s· 4 players
Game mode
Random Map
Map size
Medium (4 player)
Population
200
Speed
Normal
Resources
Standard
Victory
Conquest
Starting age
Dark Age
Ending age
Imperial Age
RankedLock teamsTeams togetherTeam positionsShared explorationLock speedFull tech treeHidden civsTurbo modeCheats
Victory
Defeat
🇷🇺 Georgians · Russia
1406
+21
🇷🇺 Malians · Russia
1387
+21
🇦🇷 Mongols · Argentina
1516
-21
🇦🇷 Cumans · Argentina
1506
-21
youteGG_mangoneluser
5:28 Loom
9:25 Feudal Age
10:15 Double-Bit Axe
16:29 Fletching
24:02 Castle Age
22:42 Padded Archer Armor
22:58 Horse Collar
24:47 Bodkin Arrow
24:15 Crossbowman
29:17 Bow Saw
32:31 Ballistics
38:43 Imperial Age
37:58 Wheelbarrow
38:02 Leather Archer Armor
38:34 Town Watch
39:27 Bracer
40:36 Chemistry
40:59 Parthian Tactics
43:30 Gold Mining
43:57 Husbandry
44:08 Bloodlines
43:31 Light Cavalry
44:19 Stone Mining
45:07 Scale Barding Armor
45:12 Forging
45:45 Heavy Cavalry Archer
47:07 Arrowslits
51:19 Chain Barding Armor
51:34 Iron Casting
52:23 Town Patrol
53:35 Iron Casting
54:24 Plate Barding Armor
54:29 Hand Cart
57:29 Treadmill Crane
58:27 Conscription
59:06 Heavy Plow
60:07 Hoardings
62:58 Guard Tower
crypto_zhupel
5:40 Loom
10:00 Feudal Age
15:26 Wheelbarrow
15:57 Double-Bit Axe
16:30 Man-at-Arms
22:20 Castle Age
21:00 Bloodlines
20:57 Scale Barding Armor
22:57 Horse Collar
24:04 Husbandry
24:26 Chain Barding Armor
32:56 Heavy Plow
34:45 Forging
37:27 Hand Cart
40:20 Bow Saw
44:01 Imperial Age
41:50 Stone Mining
44:32 Stone Shaft Mining
44:39 Iron Casting
44:06 Cavalier
45:28 Plate Barding Armor
48:18 Farimba
51:01 Gold Mining
52:06 Fletching
53:11 Bodkin Arrow
54:14 Gold Shaft Mining
55:36 Ballistics
58:42 Conscription
58:39 Herbal Medicine
61:09 Light Cavalry
61:41 Capped Ram
sabpeee
6:10 Loom
9:02 Feudal Age
9:52 Double-Bit Axe
9:48 Horse Collar
15:55 Forging
16:13 Scale Barding Armor
17:14 Wheelbarrow
21:21 Castle Age
20:05 Bloodlines
20:05 Gold Mining
22:39 Chain Barding Armor
22:54 Iron Casting
25:11 Heavy Plow
26:24 Bow Saw
28:32 Hand Cart
28:03 Town Watch
30:04 Fletching
29:46 Light Cavalry
30:51 Bodkin Arrow
45:43 Imperial Age
44:12 Pikeman
44:52 Squires
45:06 Capped Ram
45:51 Halberdier
46:38 Scale Mail Armor
47:42 Blast Furnace
46:09 Siege Ram
49:28 Chain Mail Armor
49:09 Hussar
51:05 Chemistry
50:26 Ballistics
50:11 Arson
Marcusscus
9:00 Feudal Age
10:40 Double-Bit Axe
10:44 Loom
15:33 Fletching
18:41 Padded Archer Armor
18:49 Town Watch
20:43 Wheelbarrow
24:44 Castle Age
25:35 Thumb Ring
25:03 Crossbowman
30:07 Bodkin Arrow
30:36 Leather Archer Armor
40:24 Gold Mining
42:17 Ballistics
46:14 Imperial Age
43:47 Town Patrol
47:25 Parthian Tactics
47:45 Conscription
49:43 Chemistry
49:51 Bloodlines
49:41 Husbandry
50:22 Bracer
55:33 Elite Mangudai
57:42 Caravan
Connection lost

Rejoining the realm…

Still unreachable

The connection could not be restored.

Session expired

The server has moved on; the page needs a fresh start.